 Dungeon Crawl Stone Soup version 0.25-a0-940-gc6eaff51cc (webtiles) character file.

Game seed: 6138366478036527308, levelgen mode: deterministic

42 HoaS the Ruffian (level 3, -2/22 HPs)
             Began as a Gargoyle Gladiator on May 5, 2020.
             Slain by an iron imp (6 damage)
             ... summoned by Natasha
             ... on level 3 of the Dungeon.
             The game lasted 00:03:36 (1148 turns).

HoaS the Ruffian (Gargoyle Gladiator)               Turns: 1148, Time: 00:03:36

Health: -2/22      AC: 12    Str: 18    XL:     3   Next: 54%
Magic:  3/3        EV:  8    Int:  8    God:
Gold:   42         SH:  0    Dex: 11    Spells: 2/2 levels left

rFire    . . .     SeeInvis .     - Unarmed
rCold    . . .     Gourm    .   (no shield)
rNeg     + . .     Faith    .   h - +0 chain mail
rPois    ∞         Spirit   .   b - +0 helmet
rElec    +         Reflect  .   (no cloak)
rCorr    .         Harm     .   (no gloves)
MR       .....                  (no boots)
Stlth    ..........             (no amulet)
HPRegen  0.07/turn              (no ring)
MPRegen  0.08/turn              (no ring)

@: no status effects
A: negative energy resistance 1, electricity resistance, unbreathing,
petrification resistance, rot immunity, AC +3
a: no special abilities


You were on level 3 of the Dungeon.
You were not hungry.

You visited 1 branch of the dungeon, and saw 3 of its levels.

You collected 42 gold pieces.

Inventory:

Missiles
 c - 3 throwing nets (quivered)
Armour
 b - a +0 helmet (worn)
 h - a +0 chain mail (worn)
Scrolls
 a - a scroll of enchant weapon {unknown}
 e - a scroll of magic mapping {unknown}
 f - 2 scrolls of identify {unknown}
 j - a scroll of amnesia {unknown}
Potions
 i - 2 potions of haste {unknown}
 k - a potion of flight {unknown}
 l - a potion of curing {unknown}
Comestibles
 d - 4 rations
 g - 3 chunks of flesh


   Skills:
 + Level 2.7 Fighting
 - Level 1.7 Throwing
 + Level 1.4 Armour
 - Level 2.4 Dodging
 * Level 3.8 Unarmed Combat


You had 2 spell levels left.
You didn't know any spells.
Your spell library was empty.

Dungeon Overview and Level Annotations

Branches:
Dungeon (3/15)

Altars:

Annotations:
D:2 Sigmund
D:3 Natasha


Innate Abilities, Weirdness & Mutations

You are resistant to torment.
Your stone body is resilient. (AC +3)
You are immune to poison.
You resist negative energy. (rN+)
You are resistant to electric shocks. (rElec)
You can survive without breathing.
You are immune to petrification.
You are immune to rotting.


Message History

The iron imp is moderately wounded.
The iron imp closely misses you.
You hit the iron imp but do no damage.
The iron imp is moderately wounded.
You closely miss the iron imp.
The iron imp is moderately wounded.
The iron imp hits you.
You hit the iron imp.
The iron imp is heavily wounded.
The iron imp hits you!
You hit the iron imp.
The iron imp is severely wounded.
You closely miss the iron imp.
The iron imp is severely wounded.
The iron imp hits you.
* * * LOW HITPOINT WARNING * * *
You hit the iron imp.
The iron imp is severely wounded.
The iron imp hits you.
You die...

...##.......####.#
............#..#.#
............#....#
.......... #.##.#
......... #(...#
#.....#+##.#.>!.#
#.....#.##.#.##.#
##...<.#.##.#.##.#
.........##.#.##@#
............#.##5#
............#.##h#
...÷........#.##.#
....<....##)#.##.#
.........).[#.##.#
.........####.##..
.........# #.#####
........## #.....#


You could see an iron imp and Natasha.

Vanquished Creatures
  A leopard gecko (D:3)
  7 orcs (D:3)
  4 bats
  6 goblins
  3 hobgoblins (D:1)
  5 kobolds
  3 frilled lizards (D:1)
  5 rats (D:1)
34 creatures vanquished.

Notes
Turn   | Place    | Note
-------+----------+-------------------------------------------
     0 | D:1      | HoaS the Gargoyle Gladiator began the quest for the Orb.
     0 | D:1      | Reached XP level 1. HP: 12/12 MP: 1/1
   166 | D:1      | Reached XP level 2. HP: 14/18 MP: 2/2
   484 | D:1      | Reached skill level 1 in Armour
   742 | D:2      | Reached XP level 3. HP: 22/22 MP: 3/3
   763 | D:2      | Noticed Sigmund
  1135 | D:3      | Noticed Natasha
  1148 | D:3      | Slain by an iron imp

Levels and vault maps discovered:
D:1:      nzn_arrival_crosshair, layout_rooms, hex_large, supply_closet_lemuel
D:2:      layout_basic, lemuel_round_altar, uniq_jessica, uniq_robin,
          uniq_sigmund
D:3:      minmay_skewed_foursquare, layout_basic, uniq_natasha

Skill      XL: |  1  2 |
---------------+-------+-----
Armour         | 1 |  1.4
Fighting       | |  2.7
Throwing       | |  1.7
Dodging        | |  2.4
Unarmed Combat | |  3.8

Action                   || total
-------------------------++-------
Melee: Unarmed           ||   136
       Punch             ||     1
  Eat: Chunk             ||     1
Armor: Leather armour    ||    10
       Chain mail        ||    83
Dodge: Dodged            ||    64

Table legend:
 A = Non-vault XP
 B = Vault XP
 C = Vault XP percentage of total XP
 D = Non-vault monster count
 E = Vault monster count
 F = Vault count percentage of total count
                 A         B        C        D         E       F
            +---------+---------+-------+---------+---------+-------
      Total |      60 |       0 |   0.0 |      34 |       0 |   0.0
            +---------+---------+-------+---------+---------+-------
        D:1 |      32 |       0 |   0.0 |      23 |       0 |   0.0
        D:2 |       2 |       0 |   0.0 |       1 |       0 |   0.0
        D:3 |      26 |       0 |   0.0 |      10 |       0 |   0.0
            +---------+---------+-------+---------+---------+-------
